 Dungeon Crawl Stone Soup version 0.31-a0-95-g6fa058ef04 (webtiles) character file.

Game seed: 5549760868135949115

184322 Maxmaps the Fighter (level 17, -5/200 HPs)
             Began as a White Draconian Monk on May 25, 2023.
             Was a High Priest of the Shining One.
             Slain by a pharaoh ant (23 damage)
             ... on level 2 of the Spider Nest.
             The game lasted 01:26:56 (37800 turns).

Maxmaps the Fighter (White Draconian Monk)         Turns: 37800, Time: 01:26:58

Health: -5/200     AC: 13    Str: 16 (17) XL:     17   Next: 77%
Magic:  2/26       EV: 19    Int: 14 (16) God:    the Shining One [*****.]
Gold:   511        SH: 14    Dex: 20      Spells: 19/28 levels left

rFire   . .          .
                       - Unarmed
rCold   + + +        A - +1 kite shield {rC+}
rNeg    + + +        (body armour unavailable)
rPois   ∞            X - +0 hat "Siar" {rPois Str+3}
rElec   +            u - +4 cloak of Peek-a-Boo {rC+ Dex+2 SInv}
rCorr   +            l - melded +0 pair of gloves
SInv    +            G - melded +0 pair of boots "Gikhluapp" {rPois rF+ Dex-4}
Will    +....        g - amulet of regeneration
Stlth   +            n - ring of resist corrosion
HPRegen 1.33/turn    V - ring of wizardry
MPRegen 0.20/turn

%: wizardry (x1)
@: statue-form, corroded, on berserk cooldown, slowed, glowing, studying
Necromancy, very slow
A: slow and powerful, torment resistance 1, boosted hp, (breathe frost), AC +9,
unfitting armour, cold resistance 1, cold-blooded, agile 1
a: End Transformation, Renounce Religion, Divine Shield, Cleansing Flame, Summon
Divine Warrior


You were on level 2 of the Spider Nest.
You worshipped the Shining One.
The Shining One was extremely pleased with you.
You were a living statue of rough stone.
You visited 7 branches of the dungeon, and saw 30 of its levels.
You visited the Abyss 1 time.
You also visited: Sewer and Ice Cave.

You collected 2802 gold pieces.
You spent 2291 gold pieces at shops.

Inventory:

Hand Weapons
 F - a +2 heavy triple crossbow
Missiles
 N - 2 throwing nets
Armour
 b - an orb of light
 d - an orb of wrath
 l - a +0 pair of gloves (melded)
 u - the +4 cloak of Peek-a-Boo (worn) {rC+ Dex+2 SInv}
   (You acquired it on level 3 of the Lair of Beasts)

   Dex:       It affects your dexterity (+2).
   rC:        It protects you from cold.
   SInv:      It lets you see invisible.
 A - a +1 kite shield of cold resistance (worn)
 G - the +0 pair of boots "Gikhluapp" (melded) {rPois rF+ Dex-4}
   (You acquired it on level 12 of the Dungeon)

   Dex:       It affects your dexterity (-4).
   rF:        It protects you from fire.
   rPois:     It protects you from poison.
 R - a +0 tower shield
 X - the +0 hat "Siar" (worn) {rPois Str+3}
   (You found it on level 1 of the Elven Halls)

   Str:       It affects your strength (+3).
   rPois:     It protects you from poison.
Jewellery
 a - a ring of willpower
 e - a ring of see invisible
 g - an amulet of regeneration (around neck)
 n - a ring of resist corrosion (left fist)
 v - a ring of magical power
 J - a +5 ring of evasion
 S - a +6 ring of strength
 V - a ring of wizardry (right fist)
Wands
 j - a wand of flame (35)
 s - a wand of digging (8)
 x - a wand of paralysis (28)
 D - a wand of mindburst (36)
 E - a wand of acid (4)
 L - a wand of polymorph (7)
 P - a wand of roots (16)
Scrolls
 c - 4 scrolls of fear
 m - 3 scrolls of enchant armour
 y - 2 scrolls of noise
 z - 10 scrolls of identify
 B - 3 scrolls of summoning
 C - 3 scrolls of fog
 T - 2 scrolls of poison
 W - 5 scrolls of magic mapping
 Z - 2 scrolls of amnesia
Potions
 h - 4 potions of degeneration
 i - 2 potions of mutation
 k - a potion of invisibility
 o - 6 potions of enlightenment
 p - 2 potions of magic
 q - 4 potions of curing
 r - 3 potions of resistance
 t - 3 potions of attraction
 w - 4 potions of might
 H - 2 potions of lignification
 K - a potion of cancellation
 O - a potion of haste
 Q - 2 potions of brilliance
Miscellaneous
 I - a phantom mirror
 M - a condenser vane


   Skills:
 - Level 14.3 Fighting
 - Level 11.0 Dodging
 - Level 12.0 Shields
 - Level 13.0 Unarmed Combat
 - Level 6.2 Spellcasting
 - Level 13.1 Conjurations
 - Level 11.2 Transmutations
 + Level 11.9 Earth Magic
 - Level 13.0 Invocations


You had 19 spell levels left.
You knew the following spells:

 Your Spells              Type           Power      Damage    Failure   Level
a - Stone Arrow           Conj/Erth      74%        3d11      1%          3
b - Statue Form           Tmut/Erth      22%        N/A       21%         6

Your spell library contained the following spells:

 Spells                   Type           Power      Damage    Failure   Level
 Sandblast                Erth           74%        2d16      1%          1
 Momentum Strike          Conj/Tloc      40%        3d9       1%          2
 Passwall                 Tmut/Erth      28%        N/A       1%          2
 Static Discharge         Conj/Air       40%        2-4/arc   1%          2
 Hailstorm                Conj/Ice       20%        3d6       3%          3
 Flame Wave               Conj/Fire      20%        2d7       11%         4
 Sticky Flame             Conj/Fire      20%        2d4       11%         4
 Ignite Poison            Fire/Tmut/Pois 11%        N/A       12%         3
 Ice Form                 Ice/Tmut       17%        N/A       16%         4
 Blink                    Tloc           8%         N/A       17%         2
 Call Imp                 Summ           8%         N/A       17%         2
 Lesser Beckoning         Tloc           8%         N/A       17%         2
 Cigotuvi's Dreadful Rot  Necr/Pois/Air  2%         N/A       26%         2
 Gell's Gravitas          Tloc           4%         N/A       32%         3
 Teleport Other           Tloc           4%         N/A       32%         3
 Inner Flame              Hex/Fire       2%         N/A       43%         3
 Freezing Cloud           Conj/Ice/Air   6%         6-21      61%         5
 Airstrike                Air            2%         2d(1-17)  71%         4
 Summon Ice Beast         Ice/Summ       2%         N/A       82%         4
 Summon Lightning Spire   Summ/Air       2%         N/A       82%         4
 Summon Mana Viper        Hex/Summ       2%         N/A       98%         5
 Dispersal                Tloc           2%         N/A       100%        6
 Simulacrum               Ice/Necr       1%         N/A       100%        6
 Haunt                    Necr/Summ      1%         N/A       100%        7
 Monstrous Menagerie      Summ           2%         N/A       100%        7
 Ozocubu's Refrigeration  Ice            2%         4d7       100%        7
 Spellforged Servitor     Conj/Summ      10%        N/A       100%        7
 Summon Hydra             Summ           2%         N/A       100%        7
 Ignition                 Fire           2%         3d3       100%        8
 Summon Horrible Things   Summ           2%         N/A       100%        8
 Dragon's Call            Summ           2%         N/A       100%        9
 Polar Vortex             Ice            2%         N/A       100%        9


Dungeon Overview and Level Annotations

Branches:
Dungeon (15/15)            Temple (1/1) D:7            Lair (5/5) D:10
 Shoals (2/4) Lair:3       Spider (2/4) Lair:2        Slime (0/5) Lair:5
    Orc (2/2) D:12            Elf (3/3) Orc:2        Vaults (0/5) D:13
 Depths (0/4) D:15          Sewer (visited)           IceCv (visited)

Altars:
Ashenzari
Cheibriados
Dithmenos
Elyvilon
Fedhas
Gozag
Hepliaklqana
Kikubaaqudgha
Makhleb
Nemelex Xobeh
Okawaru
Qazlal
Ru
Sif Muna
Trog
Uskayaw
Vehumet
Wu Jian
Xom
Yredelemnul
Zin
The Shining One

Shops:
D:1 [   D:12 !   D:15 :   Orc:2 (*=[   Elf:1 :   Elf:2 [*!:   Elf:3 *

Portals:
Hell: Lair:5

Annotations:
Shoals:2 3 runed translucent doors, Busoho's ghost, adept MiFi
Spider:1 1 runed translucent door, Jufurghi's ghost, adept OpTm
Elf:1 3 runed translucent doors, Cuucabuana's ghost, veteran MiGl; Fabaskic's ghost, journeyman FoFi; SlowGraham's ghost, veteran FoEE
Elf:2 3 runed translucent doors
Elf:3 exclusion: 3 doors


Innate Abilities, Weirdness & Mutations

You are a living statue of rough stone.
Your actions are slow, but your melee attacks are powerful.
You are resistant to unholy torment.
Your maximum health is greatly increased.
You are immune to poison.
Your equipment is partially melded.
((You can breathe waves of freezing cold which knock back foes.))
((Your icy white scales are hard. (AC +9)))
You cannot fit into any form of body armour.
Your flesh is cold resistant. (rC+)
You are cold-blooded and may be slowed by cold attacks.
You are agile. (Dex +4, Str/Int -1)


Message History

You pummel the redback!!
You kill the redback!
You hear a chilling moan.
You feel better.
You revert to your normal fleshy form.
Your +0 pair of gloves unmelds from your body.
The +0 pair of boots "Gikhluapp" {rPois rF+ Dex-4} unmelds from your body.
A pharaoh ant comes into view.
Casting: Statue Form (dangerous; 21% risk of failure)
Confirm with . or Enter, or press ? or * to list all spells.
You turn into a living statue of rough stone.
Your +0 pair of gloves melds into your body.
The +0 pair of boots "Gikhluapp" {rPois rF+ Dex-4} melds into your body.
A culicivora comes into view.
The demonic crawler completely misses you.
You block the demonic crawler's attack. x2
Unknown command.
The culicivora's many legs skitter faintly.
You punch the demonic crawler!
You tail-slap the demonic crawler, but do no damage.
The demonic crawler is lightly wounded.
The demonic crawler misses you.
You block the demonic crawler's attack. x2
The demonic crawler hits you!
* * * LOW HITPOINT WARNING * * *
The demonic crawler hits you.
* * * LOW HITPOINT WARNING * * *
The demonic crawler hits you.
* * * LOW HITPOINT WARNING * * *
The demonic crawler hits you but does no damage.
The demonic crawler hits you.
* * * LOW HITPOINT WARNING * * *
The demonic crawler hits you but does no damage.
You punch the demonic crawler!
The demonic crawler is moderately wounded.
You block the demonic crawler's attack. The demonic crawler barely misses you.
You block the demonic crawler's attack. You block the pharaoh ant's attack.
The redback bites you.
* * * LOW HITPOINT WARNING * * *
The pharaoh ant bites you!!
You die...

..#....#### ...
###
..#..##.....
#.. ##..##
...... ........
.....# .##...#
....#..##.....#
.....#....#...#
.............)#
#....^†.....#..
#.....s†.......
#...###8..#....
s #..sBs..# .
#...#...$.#
#... ....#..
##.. ..##...
... ... ...
.... #..^ ..
..#.. #.##


You could see a demonic crawler, a culicivora, a pharaoh ant and a redback.

Vanquished Creatures
  A tentacled starspawn (Abyss:2)
  Donald (Lair:2)
  An emperor scorpion (Lair:2)
  A dire elephant (Lair:5)
  2 deep elf annihilators (Elf:3)
  A bunyip (Abyss:2)
  2 entropy weavers
  Harold (D:11)
  2 merfolk impalers
  A quicksilver dragon skeleton (Abyss:2)
  7 centaur warriors
  4 catoblepae
  3 boulder beetles
  2 merfolk aquamancers
  2 two-headed ogres
  12 dancing weapons
  Urug (D:13)
  5 orc high priests
  2 thrashing horrors (Abyss:2)
  9 deep elf knights
  A pharaoh ant (Spider:1)
  4 skysharks
  A sun moth (Lair:2)
  2 sea snakes (Shoals:1)
  2 deep trolls (D:15)
  An orb spider (Spider:1)
  3 orc knights
  2 wizards
  9 deep elf archers
  A necromancer (D:15)
  13 deep elf zephyrmancers
  2 steelbarb worms
  25 deep elf pyromancers
  3 harpies (Shoals:1)
  An oklob plant (Lair:5)
  3 orc sorcerers
  5 cyclopes
  A worldbinder (Abyss:2)
  4 ugly things (D:14)
  6 fauns (Shoals:2)
  A moth of wrath (Spider:2)
  5 wolf spiders
  4 merfolk sirens
  2 elephants
  10 manticores
  5 black mambas
  An eye of devastation (Abyss:2)
  4 torpor snails
  An ice statue (IceCv)
  6 demonic crawlers
  12 cane toads
  An orange demon (Abyss:2)
  2 unseen horrors (D:12)
  3 rime drakes
  A kobold demonologist (D:13)
  6 komodo dragons
  9 ice devils
  A tengu conjurer (D:15)
  A komodo dragon (shapeshifter) (D:15)
  5 merfolk
  A queen bee (shapeshifter) (Elf:2)
  4 trolls
  A meliai (shapeshifter) (Elf:3)
  3 polar bears
  10 tarantellas
  A wind drake (Shoals:1)
  2 hornets
  Grinder (D:4)
  A tarantella (shapeshifter) (Elf:3)
  2 blink frogs (shapeshifter)
  2 wind drakes (shapeshifter)
  15 blink frogs
  4 snapping turtles
  A dream sheep (Shoals:2)
  2 small abominations (Abyss:2)
  A shadow (D:10)
  4 culicivoras
  4 air elementals
  A culicivora (shapeshifter) (D:14)
  4 jumping spiders
  15 slime creatures
  A vampire (D:11)
  6 wyverns
  9 water elementals
  A wraith (D:10)
  52 yaks
  3 fire elementals
  15 humans (D:13)
  A steam dragon (shapeshifter) (D:15)
  A neqoxec (Abyss:2)
  5 basilisks
  6 vampire mosquitoes
  14 redbacks
  3 death yak simulacra (IceCv)
  A steam dragon (D:8)
  Menkaure (D:6)
  2 harpy simulacra (IceCv)
  A hell hound (Lair:5)
  5 acid dragons
  14 water moccasins
  A warg (Orc:1)
  Duvessa (D:6)
  2 hydra simulacra (IceCv)
  33 orc warriors
  2 ice beasts (D:5)
  2 sky beasts (D:7)
  4 black bears
  12 ogres
  8 wolves
  11 centaurs
  A phantom (D:7)
  5 kobold brigands
  8 bullfrogs
  3 earth elementals
  2 cane toad simulacra (IceCv)
  3 scorpions
  Dowan (D:6)
  6 killer bees (D:9)
  2 elephant simulacra (IceCv)
  An electric eel (D:10)
  4 howler monkeys
  4 hounds
  2 sleepcaps (D:6)
  22 orc priests
  7 jellies
  2 iguanas (D:5)
  19 orc wizards
  A polar bear simulacrum (IceCv)
  A troll simulacrum (IceCv)
  A spriggan simulacrum (IceCv)
  3 wolf simulacra (IceCv)
  2 centaur simulacra (D:10)
  A boggart simulacrum (D:14)
  Robin (D:4)
  A naga simulacrum (IceCv)
  3 river rats (Sewer)
  12 adders
  A shadow imp (D:5)
  5 white imps
  4 ufetubi
  3 worms
  2 dart slugs (D:2)
  70 orcs
  9 ball pythons
  6 endoplasms
  5 giant cockroaches
  24 goblins
  12 hobgoblins
  5 jackals
  6 quokkas
  11 bats
  4 frilled lizards
  18 kobolds
  9 rats
  2 starspawn tentacles (Abyss:2)
839 creatures vanquished.

Vanquished Creatures (collateral kills)
  A profane servitor (Abyss:2)
  A lich (Abyss:2)
  Kirke (D:12)
  A tentacled starspawn (Abyss:2)
  Louise (Shoals:1)
  Aizul (Shoals:1)
  A very ugly thing (Abyss:2)
  2 orc warlords (Orc:1)
  A deep elf demonologist (Elf:1)
  A dire elephant (Lair:5)
  A merfolk impaler (Shoals:2)
  A deep elf death mage (Elf:3)
  2 entropy weavers (Lair:2)
  A deep elf high priest (Elf:3)
  2 merfolk avatars
  A catoblepas (Lair:5)
  A satyr (Shoals:2)
  A merfolk aquamancer (Shoals:2)
  2 dancing weapons
  An alligator snapping turtle (Shoals:2)
  A thrashing horror (Abyss:2)
  8 deep elf knights
  2 wretched stars (Abyss:2)
  3 skysharks
  A pharaoh ant (Lair:2)
  2 sixfirhies
  5 deep elf archers
  A sea snake (Shoals:1)
  A necromancer (IceCv)
  A harpy (Shoals:2)
  3 deep elf pyromancers
  An orc sorcerer (Orc:1)
  5 deep elf zephyrmancers
  4 manticores
  3 fauns
  4 merfolk sirens
  3 large abominations (Abyss:2)
  A water nymph (Shoals:1)
  An orc zombie (Abyss:2)
  2 demonic crawlers (Lair:2)
  A cane toad (Lair:5)
  3 orange demons (Lair:5)
  2 freezing wraiths (IceCv)
  An anaconda simulacrum (IceCv)
  8 ice devils
  A red devil (Lair:5)
  5 merfolk
  3 wind drakes (Shoals:2)
  A hellwing (Lair:5)
  A dream sheep (Shoals:2)
  A snapping turtle (Shoals:2)
  A jumping spider (Lair:2)
  3 water elementals
  2 hogs (D:12)
  A neqoxec (Abyss:2)
  A human (D:13)
  A redback (Lair:2)
  2 death yak simulacra (IceCv)
  A harpy simulacrum (IceCv)
  A hydra simulacrum (IceCv)
  3 hell hounds (Lair:5)
  An orc warrior (Orc:1)
  An ogre (Orc:1)
  3 wolves (Lair:5)
  5 centaurs (D:12)
  2 small abominations (Abyss:2)
  An earth elemental (Elf:3)
  A cane toad simulacrum (IceCv)
  2 elephant simulacra (IceCv)
  An iron imp (Abyss:2)
  An orc wizard (Orc:1)
  A polar bear simulacrum (IceCv)
  3 wolf simulacra (IceCv)
  An orc (Orc:1)
  A starspawn tentacle (Abyss:2)
143 creatures vanquished.

Vanquished Creatures (others)
  A fire elemental (Elf:2)
  A human (D:12)
  A white imp (Abyss:2)
  An orc (Orc:1)
  6 starspawn tentacles (Abyss:2)
10 creatures vanquished.

Grand Total: 992 creatures vanquished

Notes
Turn   | Place    | Note
-------+----------+-------------------------------------------
     0 | D:1      | Maxmaps the Draconian Monk began the quest for the Orb.
     0 | D:1      | Reached XP level 1. HP: 19/19 MP: 1/1
   135 | D:1      | Reached XP level 2. HP: 19/26 MP: 2/2
   435 | D:1      | Found Argharoe's Antique Armour Boutique.
  1156 | D:2      | Found a faded altar of an unknown god.
  1157 | D:2      | Noticed a shining eye
  1159 | D:2      | Noticed a great orb of eyes
  1159 | D:2      | Noticed a floating eye
  1159 | D:2      | Noticed a great orb of eyes
  1175 | D:2      | Reached XP level 3. HP: 28/31 MP: 3/3
  1732 | D:2      | Reached skill level 4 in Fighting
  1969 | D:3      | Reached XP level 4. HP: 40/40 MP: 4/4
  2871 | D:3      | Found a sacrificial altar of Ru.
  3034 | D:4      | Noticed Grinder
  3052 | D:4      | Reached XP level 5. HP: 42/46 MP: 5/5
  3087 | D:4      | Gained mutation: You are agile. (Dex +4, Str/Int -1)
                  | [potion of mutation]
  3105 | D:4      | Paralysed by Grinder for 4 turns
  3114 | D:4      | Paralysed by Grinder for 4 turns
  3123 | D:4      | Paralysed by Grinder for 3 turns
  3127 | D:4      | Killed Grinder
  3128 | D:4      | Reached XP level 6. HP: 24/52 MP: 6/6
  3376 | D:4      | Found a broken altar of Ashenzari.
  3380 | D:4      | Noticed Robin
  3562 | D:4      | Killed Robin
  3636 | D:4      | Reached skill level 5 in Shields
  3743 | D:5      | Entered Level 5 of the Dungeon
  3802 | D:5      | Reached skill level 5 in Unarmed Combat
  3802 | D:5      | Your scales start taking on an icy white colour.
  3802 | D:5      | Reached XP level 7. HP: 42/59 MP: 7/7
  3802 | D:5      | Gained mutation: Your flesh is cold resistant. (rC+) [White
                  | Draconian growth]
  3939 | D:5      | Reached skill level 5 in Fighting
  4144 | D:5      | Reached skill level 6 in Fighting
  4251 | D:5      | Reached skill level 7 in Fighting
  4251 | D:5      | Reached XP level 8. HP: 31/73 MP: 8/8
  4538 | D:5      | Reached skill level 5 in Dodging
  4875 | D:6      | Found a glowing drain.
  4915 | Sewer    | Entered a sewer
  5447 | D:6      | Noticed Duvessa
  5448 | D:6      | Noticed Dowan
  5463 | D:6      | Killed Duvessa
  5464 | D:6      | Reached skill level 8 in Fighting
  5464 | D:6      | Killed Dowan
  5489 | D:6      | Reached XP level 9. HP: 74/82 MP: 9/9
  5637 | D:6      | Noticed Menkaure
  5645 | D:6      | Killed Menkaure
  5646 | D:6      | Reached skill level 9 in Fighting
  6146 | D:7      | Found a shimmering blue altar of Sif Muna.
  6344 | D:7      | Found an ornate altar of the Wu Jian Council.
  6408 | D:7      | Found a blossoming altar of Fedhas.
  6590 | D:7      | Found a glowing silver altar of Zin.
  6590 | D:7      | Noticed an angel
  6684 | D:7      | Found a staircase to the Ecumenical Temple.
  6738 | D:7      | Paralysed by a hornet for 3 turns
  6748 | D:7      | Paralysed by a hornet for 1 turns
  6780 | Temple   | Entered the Ecumenical Temple
  7225 | D:8      | Identified the +10 great sword of Hosonu Hyxi {drain,
                  | rElec}
  8147 | D:8      | Reached XP level 10. HP: 82/91 MP: 10/10
  8298 | D:8      | Found the +7 staff of the Meek {protect, meekguard}
  8444 | D:9      | Found an ancient bone altar of Kikubaaqudgha.
  8874 | D:9      | Reached skill level 10 in Fighting
  9381 | D:9      | Noticed a two-headed ogre
  9394 | D:9      | Killed a two-headed ogre
  9575 | D:10     | Entered Level 10 of the Dungeon
  9833 | D:10     | Reached skill level 10 in Unarmed Combat
 10009 | D:10     | Identified the +4 flail of Thoughtfulness {vamp, rPois
                  | Dex+5 Stlth-}
 10105 | D:10     | Reached XP level 11. HP: 90/100 MP: 11/11
 10173 | D:10     | Found a staircase to the Lair.
 10273 | D:10     | Found a burning altar of Makhleb.
 10414 | D:10     | Found a glowing golden altar of the Shining One.
 10437 | D:10     | Became a worshipper of the Shining One
 10437 | D:10     | Reached * piety under the Shining One
 10437 | D:10     | Reached ** piety under the Shining One
 10499 | D:10     | Found a white marble altar of Elyvilon.
 10527 | D:10     | Found a hazy altar of Hepliaklqana.
 10528 | D:10     | Found a shimmering altar of Xom.
 10680 | D:11     | Noticed Harold
 10692 | D:11     | Killed Harold
 11652 | D:11     | Identified the +0 leather armour of Waeheli {Regen+ rCorr}
 11690 | D:11     | Reached skill level 1 in Invocations
 11758 | Lair:1   | Entered Level 1 of the Lair of Beasts
 11944 | Lair:1   | Noticed a catoblepas
 11966 | Lair:1   | HP: 3/100 [catoblepas (29)]
 11977 | Lair:1   | Killed a catoblepas
 12176 | Lair:1   | Reached skill level 5 in Invocations
 12793 | Lair:2   | Found a hole to the Spider Nest.
 12937 | Lair:2   | HP: 4/100 [culicivora (11)]
 13315 | Lair:2   | Reached XP level 12. HP: 96/106 MP: 18/18
 13757 | Lair:3   | Identified 2 scrolls of acquirement
 13757 | Lair:3   | Acquired a manual of Conjurations
 13786 | Lair:3   | Reached *** piety under the Shining One
 13829 | Lair:3   | Acquired the +4 cloak of Peek-a-Boo {rC+ Dex+2 SInv}
 13901 | Lair:3   | Reached skill level 10 in Invocations
 13926 | Lair:3   | Found a frozen archway.
 13998 | IceCv    | Entered an ice cave
 14079 | IceCv    | Reached **** piety under the Shining One
 14496 | IceCv    | Found an ancient bone altar of Kikubaaqudgha.
 14496 | IceCv    | Reached ***** piety under the Shining One
 15112 | Lair:3   | Found a staircase to the Shoals.
 15327 | Lair:3   | Reached skill level 10 in Shields
 15334 | Lair:3   | Reached XP level 13. HP: 110/113 MP: 22/22
 17065 | Lair:5   | Entered Level 5 of the Lair of Beasts
 17777 | Lair:5   | Found a staircase to the Slime Pits.
 18049 | Lair:5   | Noticed a dire elephant
 18140 | Lair:5   | Killed a dire elephant
 18750 | Lair:5   | Noticed a dire elephant
 18785 | Lair:5   | Killed a dire elephant
 18866 | Lair:5   | Reached XP level 14. HP: 122/122 MP: 23/23
 18866 | Lair:5   | Found a burning altar of Makhleb.
 18879 | Lair:5   | Reached skill level 11 in Fighting
 18889 | Lair:5   | Found a gateway to Hell.
 19510 | D:12     | Noticed Kirke
 19523 | D:12     | Killed Kirke
 19528 | D:12     | Reached skill level 12 in Fighting
 19610 | D:12     | Found a staircase to the Orcish Mines.
 20218 | D:12     | Found Xaoqaami's Distillery.
 20299 | D:13     | You fall into a shaft and drop 1 floor!
 20385 | D:13     | Found a gate to the Vaults.
 20396 | D:13     | Reached skill level 13 in Fighting
 20398 | D:13     | Noticed Urug
 20550 | D:13     | Killed Urug
 20551 | D:13     | Reached skill level 14 in Fighting
 21584 | D:14     | Reached skill level 10 in Dodging
 22322 | D:15     | Entered Level 15 of the Dungeon
 22346 | D:15     | Reached ****** piety under the Shining One
 22649 | D:15     | Reached skill level 1 in Spellcasting
 22703 | D:15     | Reached XP level 15. HP: 102/139 MP: 24/24
 22948 | D:15     | Found Mufuf's Tremendous Tomes.
 23171 | D:15     | Found a staircase to the Depths.
 23265 | D:12     | Acquired the +0 pair of boots "Gikhluapp" {rPois rF+ Dex-4}
 23296 | Orc:1    | Entered Level 1 of the Orcish Mines
 23691 | Orc:2    | Entered Level 2 of the Orcish Mines
 23856 | Orc:1    | Reached skill level 5 in Spellcasting
 24063 | Orc:2    | Found Juawk's General Store.
 24072 | Orc:2    | Bought a scroll of summoning for 152 gold pieces
 24075 | Orc:2    | Found a staircase to the Elven Halls.
 24186 | Orc:2    | Found Exaorou's Antique Armour Shop.
 24258 | Orc:2    | Learned a level 3 spell: Stone Arrow
 24365 | Orc:1    | Reached skill level 1 in Conjurations
 24508 | Orc:2    | Found Peqys's Jewellery Shop.
 25100 | Orc:2    | Found Eguwes's Antique Weapon Shoppe.
 25697 | Spider:1 | Entered Level 1 of the Spider Nest
 25697 | Spider:1 | Noticed Donald
 25709 | Lair:2   | Reached skill level 5 in Conjurations
 25717 | Lair:2   | Killed Donald
 25942 | Spider:1 | Found a runed translucent door.
 26300 | Spider:1 | Noticed an emperor scorpion
 26400 | Shoals:1 | Entered Level 1 of the Shoals
 26711 | Shoals:1 | Noticed Louise
 26729 | Shoals:1 | Killed Louise
 26733 | Shoals:1 | Noticed Aizul
 26743 | Shoals:1 | Killed Aizul
 26744 | Shoals:1 | Reached skill level 10 in Conjurations
 28387 | D:15     | Bought Sif Muna's Excursus on Tectonic Generation for 2084
                  | gold pieces
 28395 | D:15     | Learned a level 6 spell: Statue Form
 28495 | Elf:1    | Entered Level 1 of the Elven Halls
 28538 | Orc:2    | Reached skill level 1 in Earth Magic
 28616 | Orc:2    | Reached XP level 16. HP: 61/147 MP: 25/25
 29047 | Elf:1    | Found a runed translucent gate.
 29047 | Elf:1    | Found a runed translucent gate.
 29047 | Elf:1    | Found a runed translucent gate.
 29048 | Elf:1    | Noticed Fabaskic's ghost (journeyman FoFi)
 29048 | Elf:1    | Noticed Cuucabuana's ghost (veteran MiGl)
 29048 | Elf:1    | Noticed SlowGraham's ghost (veteran FoEE)
 29154 | Elf:1    | Noticed a walking frostbound tome
 29160 | Elf:1    | Found Movivvuz's Book Shop.
 29162 | Elf:1    | Noticed a walking divine tome
 29610 | Elf:1    | Reached skill level 5 in Earth Magic
 30950 | Elf:1    | Identified the +0 hat "Siar" {rPois Str+3}
 30976 | Abyss:2  | Cast into level 2 of the Abyss (a deep elf demonologist)
 30996 | Abyss:2  | Found a corrupted altar of Lugonu.
 31008 | Abyss:2  | Found a corrupted altar of Lugonu.
 31026 | Abyss:2  | Found a corrupted altar of Lugonu.
 31055 | Abyss:2  | Found a corrupted altar of Lugonu.
 31270 | Abyss:2  | Noticed a profane servitor
 31288 | Abyss:2  | Killed a profane servitor
 31364 | Abyss:2  | Noticed a tentacled starspawn
 31379 | Abyss:2  | Killed a tentacled starspawn
 31390 | Abyss:2  | Reached skill level 1 in Transmutations
 31394 | Abyss:2  | Noticed a tentacled starspawn
 31394 | Abyss:2  | Noticed a lich
 31410 | Abyss:2  | Killed a tentacled starspawn
 31410 | Abyss:2  | Killed a lich
 31455 | Elf:1    | Escaped the Abyss
 31476 | Elf:1    | Reached skill level 5 in Transmutations
 32173 | Elf:2    | Paralysed by an air elemental for 1 turns
 32177 | Elf:2    | Paralysed by an air elemental for 1 turns
 32854 | Elf:2    | Found Becyifuc's Distillery.
 32854 | Elf:2    | Found Fanacuq's General Store.
 32898 | Elf:2    | Found Zuulinamm's Book Shoppe.
 32900 | Elf:2    | Found Wistraf's Armour Emporium.
 32905 | Elf:2    | Bought a potion of berserk rage for 55 gold pieces
 33041 | Elf:2    | Found a runed translucent gate.
 33044 | Elf:2    | Found a runed translucent gate.
 33044 | Elf:2    | Found a runed translucent gate.
 33281 | Elf:2    | Reached XP level 17. HP: 154/154 MP: 26/26
 33438 | Elf:3    | Entered Level 3 of the Elven Halls
 33442 | Elf:3    | Paralysed by an air elemental for 1 turns
 33448 | Elf:2    | Paralysed by an air elemental for 1 turns
 33456 | Elf:2    | Paralysed by an air elemental for 1 turns
 33862 | Elf:3    | Found Emofasivat's Overcharged Wands.
 34303 | Elf:3    | Reached skill level 10 in Transmutations
 36027 | Shoals:2 | Reached skill level 10 in Earth Magic
 36279 | Shoals:2 | Found a runed translucent gate.
 36279 | Shoals:2 | Found a runed translucent gate.
 36280 | Shoals:2 | Found a runed translucent gate.
 36281 | Shoals:2 | Noticed Busoho's ghost (adept MiFi)
 36864 | Spider:1 | Noticed Jufurghi's ghost (adept OpTm)
 37777 | Spider:2 | HP: 10/200 [demonic crawler (12)]
 37779 | Spider:2 | HP: 3/200 [demonic crawler (10)]
 37800 | Spider:2 | Slain by a pharaoh ant

Illustrated notes

Levels and vault maps discovered:
D:1:      minmay_arrival_floating_metal, layout_basic, serial_shops, shop,
          hangedman_feature_mirror, minivault_26
D:2:      layout_basic, hellmonk_ecumenical_altar_watching_god
D:3:      cheibrodos_greedy_goblins, layout_loops_cross,
          nicolae_ru_the_path_less_chosen, kennysheep_generic_room_6
D:4:      layout_basic, nicolae_ashenzari_panopticon, uniq_grinder, uniq_robin
D:5:      layout_gridville
D:6:      old_forge, layout_basic, gup_sewer_entry_glass, uniq_duvessa,
          uniq_menkaure
D:7:      layout_basic, fedhas_altar_fruit_tree,
          mainiacjoe_overflow_tiny_flanked, marbit_many_paths, zin_angel,
          minmay_temple_entry_hall, minmay_misc_feat_hallway
D:8:      layout_loops_corners, pf_guarded_unrand_meek
D:9:      layout_loops_corners, mainiacjoe_overflow_small_starburst,
          nrook_campfire, hangedman_decor_lopped
D:10:     layout_long_grid, tso_altar, general_overflow_altar, kennysheep_mini,
          regret_index_temple_of_mockery, lair_entry_dummy, serial_ice,
          serial_ice_j, serial_ice_a, serial_ice_d, serial_ice_b,
          chequers_garden
D:11:     layout_loops_ring, uniq_harold
D:12:     layout_long_grid, orc_0_dummy, serial_shops,
          nicolae_shop_pleasant_corner_grove, uniq_kirke
D:13:     layout_loops_ring, david_vaults_3, minmay_misc_feat_rows
D:14:     layout_loops_ring, roderic_roman_lattice
D:15:     hangedman_depths_entry_civil_slaughter, layout_cave_pools,
          nrook_mini_vaults, nicolae_shop_i_like_big_books,
          nicolae_concentric_dashed_squares_wild
Temple:   nicolae_temple_two_arcs
Lair:1:   layout_chaotic_city, beast_lair_carwin_2, infiniplex_staircase_pool_2
Lair:2:   layout_chaotic_city, nicolae_spider_entry_tight_spaces
Lair:3:   layout_cave_shapes, minmay_shoals_entry_lonely_mermaid,
          portal_ice_cave_demonic_guard
Lair:4:   layout_small_grid, st_stairs_10
Lair:5:   evil_forest, layout_cellular_growth, minmay_slime_entry_pillars
Shoals:1: layout_shoals, ldierk_geyser, uniq_aizul, uniq_louise
Shoals:2: layout_shoals, gammafunk_ghost_tricky_traps
Spider:1: layout_spider_delve, hellmonk_ghost_happy_afterlife,
          hangedman_spider_tarantella_strand, uniq_donald
Spider:2: layout_spider_delve, hangedman_spider_mandibles
Orc:1:    layout_caves, basic_altar
Orc:2:    grunt_orc_gardens, layout_caves, grunt_orc_garden, grunt_orc_garden,
          grunt_orc_garden, grunt_orc_garden
Elf:1:    minmay_elf_arrival_summoners, layout_geoelf_octagon,
          gammafunk_ghost_cemetery, serial_shops, nicolae_shop_mannequins,
          evilmike_minifort
Elf:2:    elven_hall_of_blades_hangedman_original
          [nicolae_blade_entry_area_security], layout_geoelf_octagon,
          minivault_26, minmay_shoptagon, uniq_azrael, uniq_asterion
Elf:3:    minmay_elf_hall_not_hex, layout_geoelf_octagon,
          nicolae_shop_overcharged_wands

Skill      XL: |  1  2  3  4  5  6  7  8  9 10 11 12 13 14 15 16 17 |
---------------+----------------------------------------------------+-----
Dodging        | 3 4 5 7 9 11 | 11.0
Fighting       | 4 7 8 9 10 14 | 14.3
Unarmed Combat | 4 5 6 8 10 13 | 13.0
Shields        | 4 5 8 10 12 | 12.0
Invocations    | 8 13 | 13.0
Spellcasting   | 1 6 |  6.2
Conjurations   | 13 | 13.1
Earth Magic    | 2 9 11 | 11.9
Transmutations | 8 11 | 11.2

Action                     |  1- 3 |  4- 6 |  7- 9 | 10-12 | 13-15 | 16-18 || total
---------------------------+-------+-------+-------+-------+-------+-------++-------
  Melee: Unarmed           |   166 |   250 |   576 |  1306 |  2350 |  1249 ||  5897
         Tailslap          |    15 |    35 |   101 |   296 |   694 |   329 ||  1470
         Punch             |     1 |     1 |       |       |       |       ||     2
   Cast: Stone Arrow       |       |       |       |       |     4 |     7 ||    11
         Statue Form       |       |       |       |       |       |     3 ||     3
 Invoke: Cleansing Flame   |       |       |       |     2 |       |       ||     2
         Summon Divine War |       |       |       |     1 |    15 |    14 ||    30
Ability: Breathe Frost     |       |       |     9 |     5 |     8 |     2 ||    24
  Evoke: Wand              |       |       |     1 |    12 |     8 |       ||    21
    Use: Potion            |       |     4 |       |     5 |     6 |    16 ||    31
         Scroll            |       |       |    12 |    13 |    14 |     6 ||    45
   Stab: Sleeping          |       |       |     2 |       |       |       ||     2
 Armour: Skin              |    42 |    94 |   127 |   277 |   561 |   349 ||  1450
  Dodge: Dodged            |   118 |   148 |   213 |   664 |  1651 |  1135 ||  3929
  Block: Kite shield       |       |    80 |   309 |   775 |  1882 |   979 ||  4025

Table legend: (Time is in decaauts)
 A = Elapsed time spent in this place.
 B = Non-inter-level travel time spent in this place.
 C = Inter-level travel time spent in this place.
 D = Time resting spent in this place.
 E = Time spent auto-exploring this place.
 F = Levels seen in this place.
 G = Mean time per level.
                   A        B        C        D        E       F      G
               +--------+--------+--------+--------+--------+-----+--------+
         Total |  37966 |  34672 |   3294 |   4408 |  18791 |  33 | 1150.5 |
       Dungeon |  16128 |  14523 |   1605 |   1053 |   9823 |  15 | 1075.2 |
        Temple |    167 |    154 |     13 |      0 |    139 |   1 |  167.0 |
          Lair |   7877 |   7237 |    640 |   1086 |   3626 |   5 | 1575.4 |
        Shoals |   3207 |   2925 |    282 |    891 |    866 |   2 | 1603.5 |
   Spider Nest |   1357 |   1342 |     15 |     46 |    802 |   2 |  678.5 |
  Orcish Mines |   2578 |   2283 |    295 |    519 |    889 |   2 | 1289.0 |
   Elven Halls |   4800 |   4358 |    442 |    782 |   1968 |   3 | 1600.0 |
         Abyss |    462 |    462 |      0 |      0 |    161 |   1 |  462.0 |
         Sewer |    473 |    473 |      0 |      0 |    210 |   1 |  473.0 |
      Ice Cave |    910 |    910 |      0 |     30 |    306 |   1 |  910.0 |
               +--------+--------+--------+--------+--------+-----+--------+

Top non-repeatable levels by time:
   Elf:1: 2792 daAuts
Shoals:1: 2087 daAuts
  Lair:5: 1957 daAuts
  Lair:3: 1857 daAuts
  Lair:2: 1836 daAuts
    D:10: 1420 daAuts
   Orc:2: 1342 daAuts
     D:8: 1291 daAuts
   Orc:1: 1236 daAuts
     D:9: 1199 daAuts
     D:1: 1174 daAuts
  Lair:4: 1172 daAuts
Spider:1: 1155 daAuts
   Elf:3: 1149 daAuts
Shoals:2: 1119 daAuts
